 Seeded DCSS version 0.31-a0-75-g6fe912e8c5 (webtiles) character file.

Game seed: 12735965570273765983 (custom seed)

5583 Pimp the Markself (level 10, 0/57 HPs)
             Began as a Deep Elf Hunter on May 23, 2023.
             Was a Follower of Hepliaklqana.
             Slain by a small abomination (2 damage)
             ... on level 8 of the Dungeon.
             The game lasted 00:12:52 (5276 turns).

Pimp the Markself (Deep Elf Hunter)                 Turns: 5276, Time: 00:12:53

Health: 0/57       AC:  6    Str:  8    XL:     10   Next: 44%
Magic:  21/21      EV: 17    Int: 19    God:    Hepliaklqana [*.....]
Gold:   394        SH:  0    Dex: 18    Spells: 9/9 levels left

rFire   . . .        d - +27 heavy crossbow "Sniper" {heavy, Acc+∞ SInv}
rCold   . . .        (shield currently unavailable)
rNeg    . . .        H - +0 troll leather armour
rPois   .            L - +0 helmet
rElec   .            (no cloak)
rCorr   .            j - +0 pair of gloves
SInv    +            (no boots)
Will    +....        p - amulet of the acrobat
Stlth   ++           l - +5 ring of evasion
HPRegen 1.09/turn    o - ring of magical power
MPRegen 0.17/turn

%: acrobat
@: studying 2 skills
A: reduced essence
a: Renounce Religion, Recall Ancestor, Ancestor Identity


You were on level 8 of the Dungeon.
You worshipped Hepliaklqana.
Hepliaklqana was aware of your devotion.
You visited 2 branches of the dungeon, and saw 9 of its levels.
You also visited: Ossuary.

You collected 394 gold pieces.

Inventory:

Hand Weapons
 a - a +0 shortbow
 d - the +27 heavy crossbow "Sniper" (weapon) {heavy, Acc+∞ SInv}
   (You acquired it on level 1 of the Dungeon)

   Acc+∞: It never misses its target.
   SInv:      It lets you see invisible.
Armour
 c - a +0 leather armour
 j - a +0 pair of gloves (worn)
 H - a +0 troll leather armour (worn)
 L - a +0 helmet (worn)
Jewellery
 e - a ring of protection from cold
 l - a +5 ring of evasion (left hand)
 o - a ring of magical power (right hand)
 p - an amulet of the acrobat (around neck)
 F - a +4 ring of slaying
 K - a ring of magical power
Wands
 B - a wand of light (19)
 C - a wand of paralysis (11)
 M - a wand of iceblast (7)
 N - a wand of flame (14)
Scrolls
 b - 5 scrolls of immolation
 q - a scroll of amnesia {unknown}
 r - 2 scrolls of enchant weapon {unknown}
 s - 2 scrolls of blinking {unknown}
 v - 2 scrolls of fear {unknown}
 w - 2 scrolls of torment {unknown}
 y - 2 scrolls of fog {unknown}
 E - 2 scrolls of teleportation {unknown}
 G - a scroll of enchant armour {unknown}
 I - 5 scrolls of identify
 J - a scroll of silence {unknown}
Potions
 f - 9 potions of degeneration
 g - 2 potions of berserk rage {unknown}
 h - 3 potions of attraction {unknown}
 i - 6 potions of mutation
 k - 5 potions of curing
 m - 2 potions of brilliance {unknown}
 n - a potion of ambrosia {unknown}
 t - 2 potions of resistance
 u - 2 potions of haste {unknown}
 x - 2 potions of might {unknown}
 z - a potion of enlightenment {unknown}
 A - 3 potions of heal wounds
 D - 3 potions of cancellation {unknown}


   Skills:
 + Level 7.8 Fighting
 * Level 20.8 Ranged Weapons
 - Level 2.4 Dodging
 - Level 1.2 Stealth


You had 9 spell levels left.
You didn't know any spells.
Your spell library contained the following spells:

 Spells                   Type           Power      Damage    Failure   Level
 Magic Dart               Conj           0%         1d3       30%         1
 Call Imp                 Summ           0%         N/A       41%         2
 Dazzling Flash           Conj/Hex       0%         N/A       65%         3
 Mephitic Cloud           Conj/Pois/Air  0%         N/A       65%         3
 Volatile Blastmotes      Fire/Tloc      0%         2d10      65%         3
 Iskenderun's Mystic Bla  Conj/Tloc      0%         2d3       96%         4
 Starburst                Conj/Fire      0%         6d3       100%        6


Dungeon Overview and Level Annotations

Branches:
Dungeon (8/15)             Temple (1/1) D:5         Ossuary (visited)
   Lair: D:8-11

Altars:
Ashenzari
Cheibriados
Dithmenos
Elyvilon
Fedhas
Gozag
Hepliaklqana
Makhleb
Nemelex Xobeh
Okawaru
Qazlal
Ru
Sif Muna
Trog
Uskayaw
Vehumet
Wu Jian
Xom
Yredelemnul
Zin

Shops:
D:3 ?   D:4 =

Portals:
Abyss: D:8

Annotations:
D:6 1 runed translucent door
D:8 1 transporter


Message History

Palms's ghost mumbles some strange words.
Palms's ghost blinks!
Gibbon hits the small abomination.
The small abomination hits Gibbon!
The ufetubus hits Gibbon but does no damage. x2
Gibbon hits the small abomination.
The small abomination hits Gibbon!
Palms's ghost hits you but does no damage.
Fire: d) +27 heavy crossbow "Sniper" {heavy, Acc+∞ SInv}
Press: ? - help, Q - select action, (/) - cycle Shift-Dir - straight line, f - Palms's ghost
Aim: Palms's ghost, wielding a weapon of freezing (100% to hit)
You shoot a bolt. The bolt hits Palms's ghost!!!
Palms's ghost is heavily damaged.
The ufetubus hits Gibbon but does no damage. x2
The small abomination hits Gibbon!!
Gibbon is destroyed!
Palms's ghost hits you but does no damage.
The ufetubus completely misses you. x2; Palms's ghost misses you.
The orc warrior hits you from afar with a +1 glaive of distortion!
Space warps horribly around you!! The ufetubus misses you.
The ufetubus closely misses you.
Fire: d) +27 heavy crossbow "Sniper" {heavy, Acc+∞ SInv}
Press: ? - help, Q - select action, (/) - cycle Shift-Dir - straight line, f/p - Palms's ghost
Aim: Palms's ghost, wielding a weapon of freezing (heavily damaged, 100% to hit)
You shoot a bolt. The bolt hits Palms's ghost!!!
You destroy Palms's ghost!
The ufetubus hits you. The ufetubus barely misses you.
The orc warrior barely misses you. The ufetubus barely misses you.
The ufetubus hits you. The orc warrior closely misses you.
The ufetubus misses you. x2
Unknown command.
Fire: d) +27 heavy crossbow "Sniper" {heavy, Acc+∞ SInv}
Press: ? - help, Q - select action, (/) - cycle Shift-Dir - straight line, f - ufetubus
Aim: an ufetubus (100% to hit)
You shoot a bolt. The bolt hits the ufetubus!!!!
You kill the ufetubus!
The orc warrior hits you from afar with a +1 glaive of distortion!
* * * LOW HITPOINT WARNING * * *
Space warps horribly around you!
* * * LOW HITPOINT WARNING * * *
The small abomination hits you.
You die...

#.## ###.##..#####..#
#..#########...###....##.##
#.....................##.#
#.................)......##
#....###....####...........
#...##.##..########....####
#..©#.#.##.##.....#©..##...
#...##∩#.###..##.##...##.##
#....#..#x@.######.....#.##
#....###o.[.##.............
#.?....#..#.#..........<...
##.....#...##..###[........
#....##.#.#..##5##...>....
#...##.#..##.##..##.......
#...#.#....###.#.##.......
#..##..#.#... #.##........
#..#.....##.. #©#.........


You could see an orc warrior and a small abomination.

Vanquished Creatures
  The ghost of Palms the Fighter, a novice AtWr of Uskayaw (D:8)
  Erica (D:8)
  The ghost of Esekla the Covert, a novice OpDe of Gozag (D:6)
  A troll (D:5)
  A chaos spawn (D:8)
  2 steam dragons
  2 water moccasins
  An ice beast (D:6)
  An orc warrior (D:8)
  A sky beast (D:7)
  2 centaurs
  A phantom (D:5)
  3 kobold brigands (D:8)
  An elf zombie (D:4)
  5 bullfrogs
  A gnoll sergeant (D:7)
  5 scorpions
  9 wights
  3 killer bees (D:8)
  A howler monkey (D:6)
  A centaur zombie (D:4)
  6 hounds
  3 jellies
  2 sleepcaps
  A human zombie (D:4)
  Jessica (D:2)
  A human skeleton (D:4)
  4 iguanas
  8 orc wizards
  4 mummies (Ossuary)
  5 adders
  8 gnolls
  A shadow imp (D:5)
  2 white imps
  2 ufetubi
  An adder zombie (D:4)
  5 worms
  5 dart slugs
  32 orcs
  8 ball pythons
  7 endoplasms
  A giant cockroach (D:3)
  2 gnoll zombies (Ossuary)
  6 goblins
  10 hobgoblins
  7 jackals
  5 quokkas
  4 bats
  3 frilled lizards
  2 hobgoblin zombies (Ossuary)
  20 kobolds
  3 kobold zombies (Ossuary)
  3 orc skeletons (D:4)
  An orc zombie (Ossuary)
  4 rats
221 creatures vanquished.

Vanquished Creatures (collateral kills)
  An orc (D:8)
  A kobold (D:8)
2 creatures vanquished.

Vanquished Creatures (others)
  4 ancestors
4 creatures vanquished.

Grand Total: 227 creatures vanquished

Notes
Turn   | Place    | Note
-------+----------+-------------------------------------------
     0 | D:1      | Pimp the Deep Elf Hunter began the quest for the Orb.
     0 | D:1      | Reached XP level 1. HP: 12/12 MP: 3/3
    53 | D:1      | Identified 2 scrolls of acquirement
    53 | D:1      | Acquired the +27 heavy crossbow "Sniper" {heavy, Acc+∞
                  | SInv}
    53 | D:1      | Found the +27 heavy crossbow "Sniper" {heavy, Acc+∞ SInv}
    54 | D:1      | Acquired a manual of Ranged Weapons
   146 | D:1      | Reached skill level 6 in Ranged Weapons
   159 | D:1      | Reached XP level 2. HP: 13/17 MP: 4/4
   577 | D:1      | Reached skill level 7 in Ranged Weapons
   585 | D:1      | Reached XP level 3. HP: 21/21 MP: 5/5
   664 | D:2      | Noticed Jessica
   666 | D:2      | Killed Jessica
   751 | D:2      | Reached skill level 8 in Ranged Weapons
   814 | D:2      | Reached XP level 4. HP: 27/27 MP: 6/6
   869 | D:2      | Found an opulent altar of Gozag.
  1012 | D:3      | Found Liryusam's Magic Scroll Emporium.
  1069 | D:3      | Reached skill level 9 in Ranged Weapons
  1092 | D:3      | Reached XP level 5. HP: 31/31 MP: 7/7
  1478 | D:4      | Found a sand-covered staircase.
  1483 | Ossuary  | Entered an ossuary
  1557 | Ossuary  | Reached skill level 10 in Ranged Weapons
  1670 | D:4      | Reached skill level 11 in Ranged Weapons
  1670 | D:4      | Reached XP level 6. HP: 37/37 MP: 8/8
  1789 | D:4      | Found a radiant altar of Vehumet.
  1976 | D:4      | Reached skill level 12 in Ranged Weapons
  1982 | D:4      | Found a basalt altar of Yredelemnul.
  2031 | D:4      | Found Elafyh's Jewellery Emporium.
  2120 | D:4      | Found a blossoming altar of Fedhas.
  2120 | D:4      | Found a hazy altar of Hepliaklqana.
  2165 | D:4      | Reached XP level 7. HP: 42/42 MP: 9/9
  2169 | D:4      | Found a shadowy altar of Dithmenos.
  2434 | D:5      | Entered Level 5 of the Dungeon
  2524 | D:5      | Found a staircase to the Ecumenical Temple.
  2531 | Temple   | Entered the Ecumenical Temple
  2726 | D:4      | Became a worshipper of Hepliaklqana the Forgotten
  2815 | D:5      | Found an ornate altar of the Wu Jian Council.
  2822 | D:5      | Reached skill level 13 in Ranged Weapons
  2943 | D:5      | Found a hide-covered altar of Uskayaw.
  3115 | D:5      | Reached skill level 14 in Ranged Weapons
  3117 | D:5      | Noticed a troll
  3118 | D:5      | Killed a troll
  3119 | D:5      | Reached XP level 8. HP: 36/48 MP: 10/10
  3121 | D:5      | Reached skill level 15 in Ranged Weapons
  3122 | D:5      | Reached skill level 5 in Fighting
  3495 | D:6      | Reached skill level 16 in Ranged Weapons
  3657 | D:6      | Reached * piety under Hepliaklqana
  3860 | D:6      | Found a runed translucent door.
  3864 | D:6      | Noticed Esekla's ghost (novice OpDe)
  3868 | D:6      | Reached skill level 17 in Ranged Weapons
  3894 | D:6      | Killed Esekla's ghost
  3895 | D:6      | Reached skill level 18 in Ranged Weapons
  3895 | D:6      | Reached XP level 9. HP: 48/49 MP: 11/11
  3908 | D:6      | Found a runed translucent door.
  4273 | D:7      | Reached skill level 19 in Ranged Weapons
  4406 | D:7      | Found a white marble altar of Elyvilon.
  4697 | D:8      | Noticed Erica
  4698 | D:8      | Killed Erica
  4699 | D:8      | Reached skill level 20 in Ranged Weapons
  4699 | D:8      | Reached XP level 10. HP: 56/56 MP: 12/12
  4704 | D:8      | Found a transporter.
  4713 | D:8      | Found a transporter.
  4770 | D:8      | Identified the +3 sling of the Heavens {drain, rElec MP-9
                  | Dex+5 SInv}
  4981 | D:8      | Found a sparkling altar of Nemelex Xobeh.
  5203 | D:8      | Noticed Palms's ghost (novice AtWr)
  5209 | D:8      | Found a one-way gate to the infinite horrors of the Abyss.
  5275 | D:8      | Killed Palms's ghost
  5276 | D:8      | HP: 2/57 [orc warrior/+1 glaive of distortion (15)]
  5276 | D:8      | Slain by a small abomination

Illustrated notes

Levels and vault maps discovered:
D:1:      dpeg_arrival_long_road, layout_loops_cross, hex_tiny
D:2:      layout_rooms, basic_altar, uniq_jessica
D:3:      layout_rooms, serial_shops, shop, st_stairs_8, grunt_ministairs_10
D:4:      layout_basic, vehumet_crystals, lemuel_zombie_altar_yredelemnul,
          nicolae_dithmenos_shadow_blocks, nicolae_overflow_two_pavilions,
          serial_shops, kennysheep_mini, nicolae_ossuary_entry_catacombs
D:5:      layout_basic, nicolae_uskayaw_suspiria, mainiacjoe_overflow_boulevard,
          minmay_temple_entry_slanted, minmay_manual_monstrance
D:6:      layout_loops_ring, ebering_ghost_sewer_f
D:7:      layout_basic, mainiacjoe_overflow_tiny_flanked
D:8:      corexii_shack_village, layout_rooms, nemelex_spade_bored_becter,
          gammafunk_ghost_abyssal_escape, minmay_manual_mail, uniq_erica
Temple:   jpeg_temple_clearing

Skill      XL: |  1  2  3  4  5  6  7  8  9 |
---------------+----------------------------+-----
Ranged Weapons | 6 7 8 9 11 12 14 18 20 | 20.8
Fighting       | 2 3 4 6 7 |  7.8
Dodging        | |  2.4
Stealth        | |  1.2

Action                     |  1- 3 |  4- 6 |  7- 9 | 10-12 || total
---------------------------+-------+-------+-------+-------++-------
   Fire: Heavy crossbow    |    33 |    69 |    96 |    41 ||   239
 Invoke: Ancestor Identity |       |       |       |     1 ||     1
    Use: Scroll            |     2 |       |     3 |       ||     5
 Armour: Leather armour    |     1 |     2 |     1 |       ||     4
         Troll leather arm |       |       |     3 |     4 ||     7
  Dodge: Dodged            |     3 |    21 |    44 |    19 ||    87

Table legend: (Time is in decaauts)
 A = Elapsed time spent in this place.
 B = Non-inter-level travel time spent in this place.
 C = Inter-level travel time spent in this place.
 D = Time resting spent in this place.
 E = Time spent auto-exploring this place.
 F = Levels seen in this place.
 G = Mean time per level.
                   A        B        C        D        E       F      G
               +--------+--------+--------+--------+--------+-----+--------+
         Total |   5693 |   5286 |    407 |    191 |   3821 |  10 |  569.3 |
       Dungeon |   5366 |   4997 |    369 |    191 |   3697 |   8 |  670.8 |
        Temple |    127 |     89 |     38 |      0 |      0 |   1 |  127.0 |
       Ossuary |    199 |    199 |      0 |      0 |    124 |   1 |  199.0 |
               +--------+--------+--------+--------+--------+-----+--------+

Top non-repeatable levels by time:
     D:4: 1029 daAuts
     D:5: 849 daAuts
     D:6: 743 daAuts
     D:1: 704 daAuts
     D:8: 689 daAuts
     D:7: 515 daAuts
     D:3: 456 daAuts
     D:2: 377 daAuts
 Ossuary: 199 daAuts
  Temple: 127 daAuts
